 Dungeon Crawl Stone Soup version 0.18.1-50-g88ac8fd (webtiles) character file.

1972 magog001 the Shield-Bearer (level 9, -3/88 HPs)
             Began as a Minotaur Fighter on Oct 29, 2017.
             Engulfed by a cloud of flame (15 damage)
             ... on level 5 of the Dungeon.
             The game lasted 00:36:41 (6720 turns).

magog001 the Shield-Bearer (Minotaur Fighter)       Turns: 6720, Time: 00:36:42

Health: -3/88      AC: 15    Str: 24    XL:     9   Next: 0%
Magic:  8/8        EV:  8    Int:  5    God:
Gold:   310        SH: 11    Dex: 10    Spells: 0 memorised, 8 levels left

rFire  x . .     SeeInvis .     w - +4 hand axe
rCold  + + .     Gourm    .     u - +0 ice dragon armour
rNeg   . . .     Faith    .     c - +0 shield
rPois  .         Spirit   .     (helmet restricted)
rElec  .         Dismiss  .     (no cloak)
rCorr  .         Reflect  .     e - +2 pair of gloves
SustAt .         Harm     .     (no boots)
MR     .....                    (no amulet)
Stlth  ..........               (no ring)
                                (no ring)

@: vulnerable, not resistant to hostile enchantments, extremely unstealthy
A: retaliatory headbutt, horns 2, robust 1
a: no special abilities


You were on level 5 of the Dungeon.
You were not hungry.

You visited 1 branch of the dungeon, and saw 6 of its levels.
You also visited: Sewer.

You collected 370 gold pieces.
You spent 60 gold pieces at shops.

Inventory:

Hand Weapons
 a - a +2 war axe
 w - a +4 hand axe (weapon)
Missiles
 k - 53 sling bullets
 r - 10 poisoned needles
 D - 5 tomahawks (quivered)
Armour
 c - a +0 shield (worn)
 e - a +2 pair of gloves (worn)
 u - a +0 ice dragon armour (worn)
Wands
 b - a wand of acid (5/15)
 n - a wand of random effects (28/48)
Scrolls
 h - 3 scrolls of noise
 m - 4 scrolls of identify
 o - 5 scrolls of remove curse
 v - 3 scrolls of amnesia {unknown}
 x - 2 scrolls of random uselessness {unknown}
 y - a scroll of teleportation {unknown}
 z - a scroll of fog
 C - 2 scrolls of recharging {unknown}
Potions
 d - 2 potions of flight
 i - 5 potions of agility
 l - 6 potions of curing
 s - 2 potions of might
 B - a potion of cure mutation {unknown}
Comestibles
 f - 4 bread rations
 g - 3 meat rations
 t - 11 fruits


   Skills:
 + Level 7.7 Fighting
 + Level 7.3 Axes
 * Level 1.0 Throwing
 + Level 7.6 Armour
 - Level 1.0 Dodging
 + Level 1.1 Stealth
 + Level 7.8 Shields
 + Level 0.1 Evocations


You had 8 spell levels left.
You didn't know any spells.

Dungeon Overview and Level Annotations

Branches:
Dungeon (6/15)
 Temple: D:4-7

Altars:
Qazlal
Xom

Shops:
D:6 (

Annotations:
D:3 magog001's ghost, amateur HOFi


Innate Abilities, Weirdness & Mutations

You reflexively headbutt those who attack you in melee.
You have a pair of horns on your head.
You are robust (+10% HP).


Message History

k - 53 sling bullets (gained 27)
You now have 310 gold pieces (gained 9).
You are engulfed in roaring flames.
You are engulfed in roaring flames.
* * * LOW HITPOINT WARNING * * *
Unknown command.
Drink which item? (? for menu, Esc to quit)
You feel much better.
You are engulfed in roaring flames.
* * * LOW HITPOINT WARNING * * *
Drink which item? (? for menu, Esc to quit)
You feel much better.
You are engulfed in roaring flames.
* * * LOW HITPOINT WARNING * * *
Read which item? (? for menu, Esc to quit)
As you read the scroll labeled JUL EFIVUE, it crumbles to dust.
Magic quickly surges around you.
It was a scroll of vulnerability.
You are engulfed in roaring flames.
* * * LOW HITPOINT WARNING * * *
Drink which item? (? for menu, Esc to quit)
You feel better.
You are engulfed in roaring flames.
You die...

###...############.#.#
#..:#.................
#.#...###..####..####.
#.............#.....).
#..####.####..#.#####.
#..# #§# #....# #..#
#§## #.##.#
#§§#########.##.#
##§§§@#8#§§.....#
#§#########.#..# #.#
#§## #.#..# ..# #§#
#.#..#
#..####.####....######
#...§§.......##(......
#.#..§..§....#########
#. .###.####.##>######
###.# ##.#........


There were no monsters in sight!

Vanquished Creatures
  Sigmund (D:5)
  Edmund (D:5)
  An orc warrior (D:6)
  3 phantoms
  2 sky beasts (D:6)
  4 slaves (D:5)
  A centaur (D:6)
  2 big kobolds (Sewer)
  A giant frog (D:6)
  A scorpion (D:5)
  2 howler monkeys (D:6)
  An electric eel (D:6)
  A centaur zombie (D:6)
  3 orc priests
  A hound (D:6)
  3 orc wizards
  2 iguanas
  4 worker ants
  A hound skeleton (D:4)
  10 adders
  6 river rats
  2 oozes
  2 worms
  5 dart slugs
  5 giant geckos
  24 orcs
  3 giant cockroaches
  4 goblins
  9 hobgoblins
  9 jackals
  3 quokkas
  6 ball pythons
  11 bats
  A giant gecko skeleton (D:4)
  7 giant newts
  2 jackal skeletons (D:4)
  20 kobolds
  35 rats
199 creatures vanquished.

Vanquished Creatures (others)
  A giant gecko (D:5)
  A quokka zombie (D:5)
2 creatures vanquished.

Grand Total: 201 creatures vanquished

Notes
Turn   | Place    | Note
--------------------------------------------------------------
     0 | D:1      | magog001 the Minotaur Fighter began the quest for the Orb.
     0 | D:1      | Reached XP level 1. HP: 19/19 MP: 0/0
   370 | D:1      | Reached XP level 2. HP: 23/27 MP: 1/1
   775 | D:1      | Reached XP level 3. HP: 33/33 MP: 2/2
  1508 | D:2      | Reached XP level 4. HP: 40/40 MP: 3/3
  1926 | D:3      | Found a stormy altar of Qazlal.
  1926 | D:3      | Noticed magog001's ghost (amateur HOFi)
  2618 | D:3      | Reached XP level 5. HP: 26/47 MP: 4/4
  2765 | D:3      | Noticed a phantom
  2807 | D:3      | Killed a phantom
  2807 | D:3      | Reached skill level 1 in Dodging
  2807 | D:3      | Reached skill level 5 in Shields
  3273 | D:4      | Reached skill level 5 in Armour
  3277 | D:4      | Reached XP level 6. HP: 53/53 MP: 5/5
  3426 | D:4      | Reached skill level 5 in Fighting
  3961 | D:5      | Entered Level 5 of the Dungeon
  4063 | D:5      | Noticed Edmund
  4076 | D:5      | Killed Edmund
  4076 | D:5      | Reached skill level 5 in Axes
  4080 | D:5      | Reached XP level 7. HP: 42/61 MP: 6/6
  4535 | D:5      | Noticed Sigmund
  4651 | D:6      | Found a shimmering altar of Xom.
  4752 | D:6      | Reached skill level 1 in Stealth
  4761 | D:6      | Gained mutation: You are robust (+10% HP). [mutagenic meat]
  4791 | D:6      | Reached XP level 8. HP: 64/78 MP: 7/7
  4922 | D:6      | Found a glowing drain.
  4929 | Sewer    | Entered a sewer
  5312 | Sewer    | Got a blackened helmet
  5313 | Sewer    | Identified the +4 helmet of Perpetual Drought {+Fly Str+3 Dex+4} (You found it in a sewer)
  5707 | D:6      | Found Arrecwa's Antique Weapon Emporium.
  5710 | D:6      | Bought a runed hand axe for 60 gold pieces
  6571 | D:5      | Killed Sigmund
  6571 | D:5      | Reached skill level 1 in Throwing
  6571 | D:5      | Reached XP level 9. HP: 88/88 MP: 8/8
  6719 | D:5      | HP: 1/88 [something (10)]
  6720 | D:5      | Engulfed by a cloud of flame

Skill      XL: |  1  2  3  4  5  6  7  8 |
---------------+-------------------------+-----
Shields        | 4 5 6 7 |  7.8
Armour         | 4 5 6 7 |  7.6
Fighting       | 4 5 6 7 |  7.7
Axes           | 3 4 5 6 7 |  7.3
Dodging        | 1 |  1.0
Stealth        | 1 |  1.1
Throwing       | 1 |  1.0
Evocations     | |  0.1

Action                   |  1- 3 |  4- 6 |  7- 9 || total
-------------------------+-------+-------+-------++-------
Melee: War axe           |   112 |   140 |   201 ||   453
       Headbutt          |    19 |    19 |    49 ||    87
       Hand axe          |       |       |    60 ||    60
Evoke: Wand              |       |       |     3 ||     3
  Use: Scroll            |       |     8 |     3 ||    11
       Potion            |       |     1 |    11 ||    12
  Eat: Chunk             |     2 |     6 |    11 ||    19
       Pizza             |       |     1 |       ||     1
       Fruit             |       |     1 |       ||     1
Armor: Scale mail        |    61 |    10 |       ||    71
       Ice dragon armour |       |    39 |   137 ||   176
Dodge: Dodged            |    42 |    39 |    79 ||   160
Block: Shield            |    69 |    60 |   137 ||   266
